 Dungeon Crawl Stone Soup version 0.21.1-1-g345015fe64 (webtiles) character file.

93 Dox the Ducker (level 4, -3/31 HPs)
             Began as an Octopode Fighter on Apr 25, 2018.
             Slain by a gnoll
             ... wielding a +0 whip
              (6 damage)
             ... on level 3 of the Dungeon.
             The game lasted 00:05:43 (1326 turns).

Dox the Ducker (Octopode Fighter)                   Turns: 1326, Time: 00:05:44

Health: -3/31      AC:  1    Str: 15    XL:     4   Next: 62%
Magic:  4/4        EV: 12    Int: 10    God:
Gold:   76         SH:  9    Dex: 12    Spells: 3/3 levels left

rFire    . . .     SeeInvis .   a - +0 rapier
rCold    . . .     Gourm    .   b - +0 shield
rNeg     . . .     Faith    .   (helmet restricted)
rPois    .         Spirit   .   (no amulet)
rElec    .         Reflect  .   (no ring)
rCorr    .         Harm     .   (no ring)
MR       .....                  (no ring)
Stlth    +++.......             (no ring)
HPRegen  0.10/turn              (no ring)
MPRegen  0.09/turn              (no ring)
                                (no ring)
                                (no ring)

@: no status effects
A: almost no armour, stealthy swim, amphibious, 8 rings, constrict 8, camouflage
1, gelatinous body 1
a: no special abilities


You were on level 3 of the Dungeon.
You were not hungry.

You visited 1 branch of the dungeon, and saw 3 of its levels.

You collected 76 gold pieces.

Inventory:

Hand Weapons
 a - a +0 rapier (weapon)
Missiles
 h - 24 stones (quivered)
Armour
 b - a +0 shield (worn)
Jewellery
 j - a cursed ring of loudness {unknown}
Scrolls
 e - 3 scrolls of enchant weapon {unknown}
 g - 3 scrolls of identify {unknown}
 i - a scroll of teleportation {unknown}
Potions
 c - 2 potions of might
 k - a potion of berserk rage {unknown}
Comestibles
 d - 2 rations
 f - 2 chunks of flesh


   Skills:
 * Level 3.4 Fighting
 * Level 2.7 Short Blades
 * Level 0.9 Throwing
 * Level 3.4 Dodging
 * Level 2.0 Stealth
 * Level 3.4 Shields
 * Level 0.7 Unarmed Combat


You had 3 spell levels left.
You didn't know any spells.

Dungeon Overview and Level Annotations

Branches:
Dungeon (3/15)

Altars:
Okawaru
Qazlal


Innate Abilities, Weirdness & Mutations

You cannot wear most types of armour.
You are very stealthy in the water. (Stealth+)
You are amphibious.
You can wear up to eight rings at the same time.
You can use your tentacles to constrict eight enemies at once.
Your skin changes colour to match your surroundings (Stealth+).
Your rubbery body absorbs attacks. (AC +1, EV +1)


Message History

The hobgoblin hits you with a club.
You completely miss the hobgoblin. You grab the hobgoblin.
You constrict the hobgoblin. The gnoll hits you with a whip!
* * * LOW HITPOINT WARNING * * *
The kobold throws a stone.
The stone closely misses you. The hobgoblin hits you with a club.
* * * LOW HITPOINT WARNING * * *
You release your grip on the hobgoblin.
You block the hobgoblin's attack.
You see here 8 gold pieces.
You closely miss the hobgoblin. You grab the hobgoblin.
The hobgoblin is lightly wounded.
You constrict the hobgoblin. You block the gnoll's attack.
The hobgoblin barely misses you. The kobold hits you.
* * * LOW HITPOINT WARNING * * *
You release your grip on the hobgoblin.
You hit the gnoll. You grab the gnoll.
The gnoll is moderately wounded.
You constrict the gnoll, but do no damage.
You block the gnoll's attack. The gnoll hits you with a whip.
You die...

..#.#.# #.# ......#
#.# ......# #.##
#....#####..#
.....##.....########
....................
.....##.##..<####.##
.....+..####..###.####
#....## ##.gg@?...+
#...... #.##.K##..###
######## #....(# .....
####.)# ..###.. ##.#
... #.. .### ##. .#
...# ..


You could see a gnoll, a hobgoblin and a kobold.

Vanquished Creatures
  2 gnolls (D:3)
  3 adders
  A worm (D:2)
  A dart slug (D:1)
  6 hobgoblins
  4 jackals (D:2)
  6 kobolds
  A quokka (D:2)
  2 ball pythons
  5 bats
  5 frilled lizards
  4 goblins
  6 rats
46 creatures vanquished.

Notes
Turn   | Place    | Note
-------+----------+-------------------------------------------
     0 | D:1      | Dox the Octopode Fighter began the quest for the Orb.
     0 | D:1      | Reached XP level 1. HP: 16/16 MP: 1/1
    74 | D:1      | Reached XP level 2. HP: 20/21 MP: 2/2
   444 | D:2      | Found a stormy altar of Qazlal.
   487 | D:2      | Reached XP level 3. HP: 16/26 MP: 3/3
   800 | D:2      | Reached skill level 1 in Stealth
   921 | D:2      | Reached XP level 4. HP: 24/31 MP: 4/4
  1223 | D:3      | Found an iron altar of Okawaru.
  1326 | D:3      | Slain by a gnoll

Skill      XL: |  1  2  3  4 |
---------------+-------------+-----
Stealth        | 1 2 |  2.0
Fighting       | |  3.4
Short Blades   | |  2.7
Throwing       | |  0.9
Dodging        | |  3.4
Shields        | |  3.4
Unarmed Combat | |  0.7

Action                   |  1- 3 |  4- 6 || total
-------------------------+-------+-------++-------
Melee: Rapier            |    67 |    20 ||    87
       Constrict         |    23 |     6 ||    29
       Tentacles         |    15 |     2 ||    17
Throw: Stone             |       |     1 ||     1
 Stab: Sleeping          |     9 |     1 ||    10
  Eat: Chunk             |       |     1 ||     1
Armor: Skin              |     4 |       ||     4
Dodge: Dodged            |    19 |    13 ||    32
Block: Shield            |    28 |     8 ||    36
